 Dungeon Crawl Stone Soup version bcrawl-1.27.6 (webtiles) character file.

Game seed: 13076673748779032048

113223 DogServant the Grave Robber (level 3, -2/19 HPs)
             Began as a Skeleton Necromancer on Oct 6, 2020.
             Slain by a hound (3 damage)
             ... on level 1 of the Dungeon.
             The game lasted 00:02:39 (1137 turns).

DogServant the Grave Robber (Skeleton Necromancer)  Turns: 1137, Time: 00:02:40

Health: -2/19      AC:  2    Str: 11 (14) XL:     3   Next: 19%
Magic:  0/8        EV: 12    Int: 12 (14) God:
Gold:   85         SH:  0    Dex:  8 (9)  Spells: 7/9 levels left

rFire    . . .     SeeInvis .   d - +0 falchion
rCold    + . .     Gourm    .   (no shield)
rNeg     + + +     Faith    .   b - +0 robe
rPois    ∞         Spirit   +   (no helmet)
rElec    .         Reflect  .   (no cloak)
rCorr    .         Harm     .   (no gloves)
MR       .....                  (no boots)
Stlth    ++........             (no amulet)
HPRegen  0.06/turn              (no ring)
MPRegen  0.11/turn              (no ring)

@: no status effects
A: no food or potions, cold resistance 1, deterioration 1, negative energy
resistance 3, torment resistance, unbreathing, magic shield, sturdy frame 1,
spell healing
a: no special abilities


You were on level 1 of the Dungeon.
You were not hungry.

You visited 1 branch of the dungeon, and saw 2 of its levels.

You collected 85 gold pieces.

Inventory:

Hand Weapons
 a - a +1 dagger
 d - a +0 falchion (weapon)
Armour
 b - a +0 robe (worn)
Jewellery
 e - a cursed -3 ring of dexterity {unknown}
Scrolls
 c - a scroll of identify
 f - 2 scrolls of teleportation {unknown}
 g - a scroll of remove curse {unknown}


   Skills:
 + Level 1.5 Short Blades
 - Level 2.0 Dodging
 - Level 2.5 Stealth
 + Level 3.8 Spellcasting
 + Level 4.8 Necromancy


You had 7 spell levels left.
You knew the following spells:

 Your Spells              Type           Power        Failure   Level  Hunger
a - Animate Skeleton      Necr           N/A          3%          1    N/A
b - Pain                  Necr           ##....       3%          1    N/A

Your spell library contained the following spells:

 Spells                   Type           Power        Failure   Level  Hunger
 Vampiric Draining        Necr           ##........   9%          3    N/A
 Animate Dead             Necr           N/A          30%         4    N/A
 Bolt of Draining         Conj/Necr      #.........   93%         5    N/A
 Regeneration             Chrm/Necr      Unusable     N/A         3    N/A

Dungeon Overview and Level Annotations

Branches:
Dungeon (2/12)

Altars:
Dithmenos
Ru


Innate Abilities, Weirdness & Mutations

You do not eat or drink.
You are immune to poison.
Your flesh is cold resistant. (rC+)
Your body sometimes deteriorates upon taking damage.
You are immune to negative energy. (rN+++)
You are immune to unholy pain and torment.
You can survive without breathing.
When hurt, damage is shared between your health and your magic reserves.
Your movements are slightly less encumbered by armour. (ER -2)
Casting spells heals you.


Message History

The bat barely misses you. The hound bites you.
* * * LOW HITPOINT WARNING * * *
The hound closely misses you.
You climb upwards.
There is a stone staircase leading down here.
Casting: Pain (safe; 3% risk of failure)
Confirm with . or Enter, or press ? or * to list all spells.
You don't have enough magic to cast that spell.
Unknown command.
The hound bites you but does no damage. The hound misses you.
Casting: Pain (safe; 3% risk of failure)
Confirm with . or Enter, or press ? or * to list all spells.
Aiming: Pain (safe; 3% risk of failure)
Press: ? - help, Shift-Dir - straight line, f - hound
Aim: a hound (chance to defeat MR: 79%)
The hound barely resists.
The hound bites you.
* * * LOW HITPOINT WARNING * * *
You barely miss the hound. The hound bites you.
You die...

....%....Z.Z......##.......#
.......######.######.......#
..............######.......#
.......#####...............#
...........#...............#
......####.#...........)...#
...%.......#...............#
......#######...#.##.......#
................@h..>#######
.........####.#.#.##.#
.........####.#.#.##.#
............#.#.#.##.#
..................##.#
#######.....#.##.....# ....#
##.#..#.#......#
###.####....#.#......#
..#....###.##.#......#


You could see a hound.

Vanquished Creatures
  An ooze (D:2)
  A dart slug (D:1)
  A leopard gecko (D:1)
  2 giant cockroaches
  4 goblins
  2 hobgoblins (D:1)
  5 kobolds
  2 quokkas (D:2)
  2 frilled lizards (D:1)
20 creatures vanquished.

Vanquished Creatures (collateral kills)
  A worm (D:2)
  A goblin (D:1)
  A kobold (D:2)
  A bat (D:2)
  A rat (D:1)
5 creatures vanquished.

Grand Total: 25 creatures vanquished

Notes
Turn   | Place    | Note
-------+----------+-------------------------------------------
     0 | D:1      | DogServant the Skeleton Necromancer began the quest for the
                  | Orb.
     0 | D:1      | Reached XP level 1. HP: 10/10 MP: 4/4
   228 | D:1      | Reached XP level 2. HP: 15/15 MP: 6/6
   376 | D:1      | Reached skill level 1 in Short Blades
   794 | D:2      | Reached XP level 3. HP: 19/19 MP: 8/8
   896 | D:2      | Found a sacrificial altar of Ru.
  1038 | D:2      | Found a shadowy altar of Dithmenos.
  1137 | D:1      | Slain by a hound

Skill      XL: |  1  2 |
---------------+-------+-----
Short Blades   | 1 |  1.5
Dodging        | |  2.0
Stealth        | |  2.5
Spellcasting   | |  3.8
Necromancy     | |  4.8

Action                   || total
-------------------------++-------
Melee: Falchion          ||    65
       Dagger            ||     5
 Cast: Pain              ||    16
       Animate Skeleton  ||     9
 Stab: Sleeping          ||     2
Armor: Robe              ||    11
Dodge: Dodged            ||    55
